 Dungeon Crawl Stone Soup version 0.27-a0-1123-g2f9bb313c0 (webtiles) character file.

Game seed: 12659122414828020579

26 wakim the Conjurer (level 2, -1/15 HPs)
             Began as a Deep Elf Conjurer on May 3, 2021.
             Slain by an adder (3 damage)
             ... on level 2 of the Dungeon.
             The game lasted 00:02:16 (1457 turns).

wakim the Conjurer (Deep Elf Conjurer)              Turns: 1457, Time: 00:02:17

Health: -1/15      AC:  2    Str:  4    XL:     2   Next: 89%
Magic:  0/8        EV: 12    Int: 22    God:
Gold:   47         SH:  0    Dex: 13    Spells: 5/8 levels left

rFire    . . .     SeeInvis .   a - +1 dagger (venom)
rCold    . . .     Faith    .   (no shield)
rNeg     . . .     Spirit   .   b - +0 robe
rPois    .         Reflect  .   (no helmet)
rElec    .         Harm     .   (no cloak)
rCorr    .         Rampage  .   (no gloves)
Will     .....                  (no boots)
Stlth    ++........             (no amulet)
HPRegen  0.05/turn              (no ring)
MPRegen  0.11/turn              (no ring)

@: no status effects
A: no striking features
a: no special abilities


You were on level 2 of the Dungeon.
You visited 1 branch of the dungeon, and saw 2 of its levels.

You collected 47 gold pieces.

Inventory:

Hand Weapons
 a - a +1 dagger of venom (weapon)
Armour
 b - a +0 robe (worn)
Potions
 c - a potion of curing {unknown}
 d - 2 potions of might {unknown}
 e - a potion of cancellation {unknown}


   Skills:
 - Level 2.4 Dodging
 + Level 3.0 Stealth
 + Level 3.5 Spellcasting
 * Level 4.9 Conjurations


You had 5 spell levels left.
You knew the following spells:

 Your Spells              Type           Power      Damage    Failure   Level
a - Magic Dart            Conj           100%       1d8       1%          1
s - Searing Ray           Conj           50%        3d5       2%          2

Your spell library contained the following spells:

 Spells                   Type           Power      Damage    Failure   Level
 Dazzling Flash           Conj/Hex       28%        N/A       13%         3
 Confusing Touch          Hex            3%         N/A       34%         3
 Gell's Gravitas          Tloc           1%         N/A       34%         3
 Fulminant Prism          Conj/Hex       7%         3d7       38%         4
 Iskenderun's Mystic Bla  Conj/Tloc      14%        2d5       38%         4
 Petrify                  Tmut/Erth      3%         N/A       75%         4
 Metabolic Englaciation   Hex/Ice        1%         N/A       97%         5
 Yara's Violent Unravell  Hex/Tmut       1%         3d3       97%         5


Dungeon Overview and Level Annotations

Branches:
Dungeon (2/15)

Altars:


Message History

A rat comes into view.
The magic dart hits the rat.
The rat is moderately wounded.
The magic dart hits the rat.
You kill the rat!
An adder comes into view.
Casting: Magic Dart (safe; 1% risk of failure)
Confirm with . or Enter, or press ? or * to list all spells.
Aiming: Searing Ray (safe; 2% risk of failure)
Press: ? - help, Shift-Dir - straight line, f - adder
Aim: an adder (asleep, 100% to hit)
The searing ray hits the adder!
The adder is severely wounded. (Press . to maintain the ray.)
The searing ray misses the adder.
A rat comes into view.
A kobold comes into view. It is wielding a +0 dagger.
The searing ray misses the adder.
The kobold shouts!
The adder bites you.
The searing ray misses the adder.
You finish channeling your searing ray.
The adder bites you.
* * * LOW HITPOINT WARNING * * *
Casting: Searing Ray (safe; 2% risk of failure)
Confirm with . or Enter, or press ? or * to list all spells.
Aiming: Searing Ray (safe; 2% risk of failure)
Press: ? - help, Shift-Dir - straight line, f - kobold, p - adder
Aim: a kobold, wielding a +0 dagger (74% to hit)
The searing ray misses the adder.
The searing ray hits the kobold!
You kill the kobold! (Press . to maintain the ray.)
The adder bites you.
* * * LOW HITPOINT WARNING * * *
The adder closely misses you.
The searing ray misses the adder.
The searing ray hits the rat!
You kill the rat!
The adder closely misses you.
Without enough magic to sustain it, your searing ray dissipates.
The adder bites you.
You die...

# ♣..♣.♣♣.♣♣ ♣♣.♣ #
♣..♣♣...♣♣ ♣.♣♣ # ♣.♣♣♣♣♣♣♣
♣♣.♣ ... # ♣.. ♣.♣♣ .. #
♣.♣♣ ♣♣.♣ . # ♣. ♣.♣♣ #.. #
# ♣ ♣ ♣♣.♣ ... # # ♣?♣♣.♣♣
.. # # ♣)S@♣♣ ##.# # #
♣...♣♣♣ #.. # # ♣$.. #.#
### # ♣.[ ##.# ###.. # ♣.
#..# ###...# # ♣
##.####...### #
##..##...### ## ##......###
.##################...#####


You could see an adder.

Vanquished Creatures
  3 endoplasms
  6 goblins
  3 hobgoblins (D:1)
  2 quokkas (D:1)
  A bat (D:1)
  3 frilled lizards
  2 kobolds
  3 rats
23 creatures vanquished.

Notes
Turn   | Place    | Note
-------+----------+-------------------------------------------
     0 | D:1      | wakim the Deep Elf Conjurer began the quest for the Orb.
     0 | D:1      | Reached XP level 1. HP: 10/10 MP: 6/6
   409 | D:1      | Reached XP level 2. HP: 15/15 MP: 6/8
   412 | D:1      | Learned a level 2 spell: Searing Ray
  1457 | D:2      | Slain by an adder

Illustrated notes

Levels and vault maps discovered:
D:1:      giann_horns, layout_loops_ring, grunt_decor_junction
D:2:      kb_forest_paths, layout_basic, basic_ecumenical_altar

Skill      XL: |  1  2 |
---------------+-------+-----
Stealth        | 3 |  3.0
Dodging        | |  2.4
Spellcasting   | |  3.5
Conjurations   | |  4.9

Action                   || total
-------------------------++-------
Melee: Dagger            ||     4
 Cast: Magic Dart        ||    38
       Searing Ray       ||     4
  Use: Scroll            ||     1
Armor: Robe              ||     1
Dodge: Dodged            ||     4

Table legend: (Time is in decaauts)
 A = Elapsed time spent in this place.
 B = Non-inter-level travel time spent in this place.
 C = Inter-level travel time spent in this place.
 D = Time resting spent in this place.
 E = Time spent auto-exploring this place.
 F = Levels seen in this place.
 G = Mean time per level.
                   A        B        C        D        E       F      G
               +--------+--------+--------+--------+--------+-----+--------+
         Total |   1456 |   1424 |     32 |      0 |   1320 |   2 |  728.0 |
       Dungeon |   1456 |   1424 |     32 |      0 |   1320 |   2 |  728.0 |
               +--------+--------+--------+--------+--------+-----+--------+

Top non-repeatable levels by time:
     D:1: 1103 daAuts
     D:2: 353 daAuts
